Workbook

Sheet PRESUPUESTO
P1: ADMON | Q1: TALLERES | R1: ENCUENTROS
C2: DESARROLLO DE ESPACIOS DE ENCUENTRO CON LAS JUVENTUDES, DE LA MANO DE PROCESOS Y POLITICAS PUBLICAS DE LOS JÓVENES Y LA POBLACIÓN VULNERABLE DE URIBIA - LA GUAJIRA | O2: MOC | P2: =+SUMIFS($K$7:$K$32,$L$7:$L$32,$O2,$M$7:$M$32,P$1) -> 3865784.8 | Q2: =+SUMIFS($K$7:$K$32,$L$7:$L$32,$O2,$M$7:$M$32,Q$1) -> 0 | R2: =+SUMIFS($K$7:$K$32,$L$7:$L$32,$O2,$M$7:$M$32,R$1) -> 0
O3: MONC | P3: =+SUMIFS($K$7:$K$32,$L$7:$L$32,$O3,$M$7:$M$32,P$1) -> 1262068.7 | Q3: =+SUMIFS($K$7:$K$32,$L$7:$L$32,$O3,$M$7:$M$32,Q$1) -> 0 | R3: =+SUMIFS($K$7:$K$32,$L$7:$L$32,$O3,$M$7:$M$32,R$1) -> 0
C4: ITEM | D4: RECURSO | E4: CATEGORÍA | F4: COTIZACIÓN | G4: UND | H4: CANT | I4: VALOR UNITARIO | J4: DURACIÓN | K4: VALOR TOTAL | O4: MATERIALES | P4: =+SUMIFS($K$7:$K$32,$L$7:$L$32,$O4,$M$7:$M$32,P$1) -> 30268000 | Q4: =+SUMIFS($K$7:$K$32,$L$7:$L$32,$O4,$M$7:$M$32,Q$1) -> 0 | R4: =+SUMIFS($K$7:$K$32,$L$7:$L$32,$O4,$M$7:$M$32,R$1) -> 0
C5: 1 | D5: COMPONENTE ACTIVIDAD 1 | K5: =K6+K14+K26 -> 1.169896e+08 | O5: COMUNIDAD | P5: =+SUMIFS($K$7:$K$32,$L$7:$L$32,$O5,$M$7:$M$32,P$1) -> 8910000 | Q5: =+SUMIFS($K$7:$K$32,$L$7:$L$32,$O5,$M$7:$M$32,Q$1) -> 0 | R5: =+SUMIFS($K$7:$K$32,$L$7:$L$32,$O5,$M$7:$M$32,R$1) -> 0
C6: 1 | D6: RECURSOS HUMANOS | K6: =K7+K8+K9+K10+K11+K12 -> 5127853.5 | O6: EQUIPOS | P6: =+SUMIFS($K$7:$K$32,$L$7:$L$32,$O6,$M$7:$M$32,P$1) -> 0 | Q6: =+SUMIFS($K$7:$K$32,$L$7:$L$32,$O6,$M$7:$M$32,Q$1) -> 7182500 | R6: =+SUMIFS($K$7:$K$32,$L$7:$L$32,$O6,$M$7:$M$32,R$1) -> 0
C7: 1;1 | D7: Coordinador administrativo del proyecto | G7: DIAS | H7: 1 | I7: =5794709/30 -> 193156.97 | J7: 5 | K7: =H7*I7*J7 -> 965784.83 | L7: MOC | M7: ADMON | O7: TRANSPORTE | P7: =+SUMIFS($K$7:$K$32,$L$7:$L$32,$O7,$M$7:$M$32,P$1) -> 4400000 | Q7: =+SUMIFS($K$7:$K$32,$L$7:$L$32,$O7,$M$7:$M$32,Q$1) -> 0 | R7: =+SUMIFS($K$7:$K$32,$L$7:$L$32,$O7,$M$7:$M$32,R$1) -> 0
C8: 1;2 | D8: Diseñador grafico | G8: DIAS | H8: 1 | I8: 145000 | J8: 5 | K8: =H8*I8*J8 -> 725000 | L8: MOC | M8: ADMON | O8: ALOJAMIENTO | P8: =+SUMIFS($K$7:$K$32,$L$7:$L$32,$O8,$M$7:$M$32,P$1) -> 0 | Q8: =+SUMIFS($K$7:$K$32,$L$7:$L$32,$O8,$M$7:$M$32,Q$1) -> 61101250 | R8: =+SUMIFS($K$7:$K$32,$L$7:$L$32,$O8,$M$7:$M$32,R$1) -> 0
C9: 1;3 | D9: Trabajador Social | G9: DIAS | H9: 1 | I9: =+I8 -> 145000 | J9: 5 | K9: =H9*I9*J9 -> 725000 | L9: MOC | M9: ADMON | P9: =+SUM(P2:P8) -> 48705854 | Q9: =+SUM(Q2:Q8) -> 68283750 | R9: =+SUM(R2:R8) -> 0
C10: 1;4 | D10: JuridIco | G10: DIAS | H10: 1 | I10: =+I9 -> 145000 | J10: 5 | K10: =H10*I10*J10 -> 725000 | L10: MOC | M10: ADMON
C11: 1;5 | D11: Comunicador social | G11: DIAS | H11: 1 | I11: =+I10 -> 145000 | J11: 5 | K11: =H11*I11*J11 -> 725000 | L11: MOC | M11: ADMON
C12: 1;7 | D12: Auxiliares de Logistica | G12: DIAS | H12: 4 | I12: =1893103/30 -> 63103.433 | J12: 5 | K12: =H12*I12*J12 -> 1262068.7 | L12: MONC | M12: ADMON
C14: 1;1;1 | D14: APOYO LOGISTICO EN PUBLICIDAD Y MATERIALES DE INSUMOS | K14: =+SUM(K15:K24) -> 43578000 | L14: - | M14: ADMON
C15: 1;1;2 | D15: ='RESOLUCION LOGISTICA'!C55 -> Folleto Tríptico temático, doble cara, tamaño oficio, papel propalcote brillante, full color | G15: UND | H15: 200 | I15: 1400 | J15: N/A | K15: =H15*I15 -> 280000 | L15: MATERIALES | M15: ADMON
C16: 1;1;3 | D16: ='RESOLUCION LOGISTICA'!C49 -> Cartillas tamaño media carta en papel bond 75gr, contiene diez (10) hojas con la información de los diferentes temas que se desarrollen en el proyecto, portada y contraportada impresas en propalcote 240 a full color. | G16: UND | H16: 185 | I16: 85000 | J16: N/A | K16: =H16*I16 -> 15725000 | L16: MATERIALES | M16: ADMON | O16: =185/5 -> 37
C17: 1;1;6 | D17: ='RESOLUCION LOGISTICA'!C60 -> KIT. Agendas y lapiceros ( personalizado, full color , argollado contra marcados con nombre de proyecto 100 hojas) | G17: UND | H17: =+H16 -> 185 | I17: 65300 | J17: N/A | K17: =H17*I17 -> 12080500 | L17: MATERIALES | M17: ADMON
C18: 1;1;7 | D18: Gorras: con los logos y diferentes distintivos de los programas y de la administración municipal (1 gorra por miembro del equipo ejecutor) | E18: Publicitarios | F18: No | G18: UND | H18: =+SUM(H7:H12) -> 9 | I18: 21400 | J18: 1 | K18: =+J18*I18*H18 -> 192600 | L18: MATERIALES | M18: ADMON
C19: 1;1;8 | D19: Camisetas tipo Polo Estampadas (1 camiseta * miembro del equipo ejecutor) | E19: Publicitarios | F19: No | G19: UND | H19: =+H18 -> 9 | I19: 58700 | J19: 1 | K19: =+J19*I19*H19 -> 528300 | L19: MATERIALES | M19: ADMON
C20: 1;1;9 | D20: Carnet de identificación en pvc para el grupo operativo impresión full color en alta definición con protección uv de 86x54 mm, incluye fotografía digital. 1 carnet por miembro del equipo ejecutor | E20: Publicitarios | F20: No | G20: UND | H20: =+H19 -> 9 | I20: 18600 | J20: 1 | K20: =+J20*I20*H20 -> 167400 | L20: MATERIALES | M20: ADMON
C21: 1;1;10 | D21: Chalecos con los logos y diferentes distintivos de los programas y de la administracion municipal. | G21: UND | H21: =+H20 -> 9 | I21: 143800 | J21: N/A | K21: =H21*I21 -> 1294200 | L21: MATERIALES | M21: ADMON
C22: 1;1;11 | D22: Reproducción de cuñas radiales de 30 segundos. 20 reproducciones por 5 días | G22: UND | H22: 100 | I22: 42100 | J22: N/A | K22: =H22*I22 -> 4210000 | L22: COMUNIDAD | M22: ADMON
C23: 1;1;12 | D23: Perifoneo publicitario en vehículo a todo costo. 4 horas por 5 días | G23: HORA | H23: 100 | I23: 47000 | J23: N/A | K23: =H23*I23 -> 4700000 | L23: COMUNIDAD | M23: ADMON
C24: 1;1;14 | D24: CAMIONETA. (con carrocería abierta o cerrada), para el traslado de personal y bienes. Incluye: * Costos adicionales por desplazamiento hacia otras ciudades del departamento, incluido peajes si a ello hubiere lugar. *Conductor y Combustible. | G24: UND | H24: 4 | I24: 220000 | J24: 5 | K24: =H24*I24*J24 -> 4400000 | L24: TRANSPORTE | M24: ADMON
C26: 1;6 | D26: FORMAR LÍDERES JUVENILES COMO DEFENSORES DE LOS DERECHOS DE LOS ADOLESCENTES E IMPLEMENTADORES DE POLÍTICAS DE JUVENTUD | K26: =+SUM(K27:K32) -> 68283750 | L26: - | M26: TALLERES
C27: 1;6;1 | D27: Adecuación de un stand de atención, incluyen: carpas, mesas, sillas, y puesto de café | G27: UND | H27: 1 | I27: 293750 | J27: 5 | K27: =H27*I27*J27 -> 1468750 | L27: ALOJAMIENTO | M27: TALLERES
C28: 1;6;2 | D28: alquiler de sonido para espacio cerrado, con amplificación de sonido de cabinas yorkville nx750, consola y 6 micrófonos inalámbricos | G28: DIA | H28: 1 | I28: 1436500 | J28: 5 | K28: =H28*I28*J28 -> 7182500 | L28: EQUIPOS | M28: TALLERES
C29: 1;6;3 | D29: Auditorio con aire acondicionado con capacidad para 100 personas incluye (video-beam, paleógrafo, sillas, mesas y puesto de aromática, café y agua). Para jornadas de 8 horas. | G29: UND | H29: 1 | I29: 1566900 | J29: 5 | K29: =H29*I29*J29 -> 7834500 | L29: ALOJAMIENTO | M29: TALLERES
C30: 1;6;5 | D30: REFRIGERIO 3: (Sándwich jamón y queso, y/o sándwich de pollo y/o mini hamburguesa, fruta y bebida hidratante envase tetra pack de 250 ml). 2 REFRIGERIOS * ASISTENTE Y MIEMBRO DEL EQUIPO EJECUTOR | G30: UND | H30: =+(H16+H18)*2 -> 388 | I30: 10500 | J30: 5 | K30: =H30*I30*J30 -> 20370000 | L30: ALOJAMIENTO | M30: TALLERES
C31: 1;6;6 | D31: ALMUERZO EJECUTIVO 1: 1 Proteína –125 gramos de carne de res, pescado o cerdo-, 1 Carbohidrato –arroz blanco, arroz con fideos o arroz con coco-, 1 Sopa (de carne, costilla o pollo), 1 Ensalada, acompañamiento -pasta, tajada de plátano o papa frita- 1 Bebida Jugo de 300ml. 1 almuerzo por asistente y miembro del equipo ejecutor | G31: UND | H31: =+H17+H18 -> 194 | I31: 22500 | J31: 5 | K31: =H31*I31*J31 -> 21825000 | L31: ALOJAMIENTO | M31: TALLERES
C32: 1;6;7 | D32: Hidratación: Agua potable en : botellas de agua PET 600ml. 3 botellas por asistente y miembro del equipo ejecutor | G32: UND | H32: =+H31*3 -> 582 | I32: 3300 | J32: 5 | K32: =H32*I32*J32 -> 9603000 | L32: ALOJAMIENTO | M32: TALLERES
C34: TOTAL PROYECTO | K34: =K5 -> 1.169896e+08

Sheet Cronograma
A1: ACTIVIDADES | B1: DÍA 1 | C1: DÍA 2 | D1: DÍA 3 | E1: DÍA 4 | F1: DÍA 5
A2: Formar líderes juveniles como defensores de los derechos de los adolescentes e implementadores de políticas de juventud
A3: Administrar integralmente el proyecto
A16: |

Sheet Resumen
A1: OBJETIVO GENERAL | B1: OBJETIVO ESPECÍFICO | C1: PRODUCTO | D1: ACTIVIDAD | E1: INDICADOR | F1: META | G1: COSTO | H1: PLAZO | I1: FUENTE DE VERIFICACIÓN
A2: Incrementar la participación de los jóvenes en los escenarios democráticos del Municipio | B2: Transferir conocimiento sobre las vías de acción que tienen los jóvenes para incidir en el desarrollo del municipio | C2: 4502001 - Servicio de promoción a la participación ciudadana | D2: =+Cronograma!A2 -> Formar líderes juveniles como defensores de los derechos de los adolescentes e implementadores de políticas de juventud | E2: Jóvenes formados | F2: 185 | G2: =+PRESUPUESTO!K26 -> 68283750 | H2: 5 días | I2: Informe de supervisión
D3: =+Cronograma!A3 -> Administrar integralmente el proyecto | E3: Proyectos coordinados | F3: 1 | G3: =+PRESUPUESTO!K34-PRESUPUESTO!K26 -> 48705854 | H3: 5 días | I3: Informe de gestión

Sheet Audivisuales
A1: ESTUDIO DE MERCADO AUDIOVISUALES
A2: ITEM | B2: DESCRIPCION | C2: UNIDAD DE MEDIDA | D2: LOGISTICA & EVENTOS LD | E2: KILO | F2: ELIMAVA EVENTOS | G2: PROMEDIO
A3: 1 | B3: Agrupaciones regionales (Grupo musical de reconocida trayectoria en la región para amenización de eventos incluye todo el personal del grupo, cantante y coristas o bailarines si aplica y los equipos del grupo). Duración de 1 hora y 30 minutos aproximadamente con los cortes que se programen durante el evento | C3: Und. | D3: 15401800 | E3: 14050000 | F3: 14665000 | G3: =+AVERAGE(D3:F3) -> 14705600

Sheet Honorarios
A1: ESTUDIO DE MERCADO HONORARIOS
A2: ITEM | B2: DESCRIPCION | C2: UNIDAD DE MEDIDA | D2: FUNDEIN CARIBE | E2: FUNDRAMA | F2: EDENTIA S.A.S | G2: PROMEDIO
A3: 1 | B3: Moderador bilingüe | C3: Honorarios | D3: 165400 | E3: 160800 | F3: 182840 | G3: =+AVERAGE(D3:F3) -> 169680
A4: 2 | B4: Animador para feria de oferta institucional | C4: Honorarios | D4: 165000 | E4: 153000 | F4: 191040 | G4: =+AVERAGE(D4:F4) -> 169680
A5: 3 | B5: Presentador del encuentro | C5: Honorarios | D5: 164500 | E5: 157300 | F5: 187240 | G5: =+AVERAGE(D5:F5) -> 169680

Sheet Alimentos y bebidas
A1: ESTUDIO DE MERCADO REFRIGERIOS
A2: ITEM | B2: DESCRIPCION | C2: UNIDAD DE MEDIDA | D2: J.LO | E2: J.LO 2 | F2: ICHITKI | G2: PROMEDIO
A3: 1 | B3: REFRIGERIO 1: incluye pastelitos horneados de carne, jamón y queso y/o pollo con jamón y queso y/o hawaiano y/o pastelitos de queso, gaseosa o jugo en envase tetra pack de 250 ml y rebanada de fruta. | C3: UNIDAD | D3: 10600 | E3: 11000 | F3: 9900 | G3: =+AVERAGE(D3:F3) -> 10500
A4: 2 | B4: ALMUERZO BASICO: 1 Proteína –carne guisada, molida ó atún-, 1 Carbohidrato –arroz blanco- ensalada o legumbres, acompañamiento -pasta, tajada de plátano o yuca- 1 Bebida Gaseosa de 250Ml). | C4: UNIDAD | D4: 21000 | E4: 20100 | F4: 20400 | G4: =+AVERAGE(D4:F4) -> 20500
A5: 3 | B5: Hidratación: Agua potable en : botellas de agua PET 600ml. | C5: UNIDAD | D5: 2490 | E5: 3360 | F5: 3150 | G5: =+AVERAGE(D5:F5) -> 3000
J11: ITEM | K11: DESCRIPCION | L11: UNIDAD DE MEDIDA | M11: PRECIO SUGERIDO 2021 | N11: 2021 +IPC | O11: PRECIO SUGERIDO 2022 | P11: 2023+IPC | Q11: PRECIO SUGERIDO 2023 | R11: 0.0562 | S11: IPC 2022
J12: 1 | K12: REFRIGERIO 1: incluye pastelitos horneados de carne, jamón y queso y/o pollo con jamón y queso y/o hawaiano y/o pastelitos de queso, gaseosa o jugo en envase tetra pack de 250 ml y rebanada de fruta. | L12: UNIDAD | M12: 6200 | N12: =+ROUND(M12*(1+$I$1),0) -> 6200 | O12: 6500 | P12: =+O12*(1+$K$1) -> 6500 | Q12: 7500
J13: 2 | K13: REFRIGERIO 2:Paquete de galleta marca reconocida y jugo o gaseosa en envase tetra pack en 250 ml. | L13: UNIDAD | M13: 5200 | N13: =+ROUND(M13*(1+$I$1),0) -> 5200 | O13: 5500 | P13: =+O13*(1+$K$1) -> 5500 | Q13: 6500
J14: 3 | K14: REFRIGERIO 3: (Sándwich jamón y queso, y/o sándwich de pollo y/o mini hamburguesa, fruta y bebida hidratante envase tetra pack de 250 ml). | L14: UNIDAD | M14: 8500 | N14: =+ROUND(M14*(1+$I$1),0) -> 8500 | O14: 9000 | P14: =+O14*(1+$K$1) -> 9000 | Q14: 10500
K15: REFRIGERIO 4: Paquete de galleta marca reconocida y chicha tradicional | L15: UNIDAD | M15: 5200 | N15: =+ROUND(M15*(1+$I$1),0) -> 5200 | O15: 5500 | P15: =+O15*(1+$K$1) -> 5500 | Q15: 6500
J16: 4 | K16: ALMUERZO EJECUTIVO 1: 1 Proteína –125 gramos de carne de res, pescado o cerdo-, 1 Carbohidrato –arroz blanco, arroz con fideos o arroz con coco-, 1 Sopa (de carne, costilla o pollo), 1 Ensalada, acompañamiento -pasta, tajada de plátano o papa frita- 1 Bebida Jugo de 300ml. | L16: UNIDAD | M16: 17000 | N16: =+ROUND(M16*(1+$I$1),0) -> 17000 | O16: 18000 | P16: =+O16*(1+$K$1) -> 18000 | Q16: 20500
J17: 5 | K17: ALMUERZO EJECUTIVO 2: 1 Proteína –125 gramos de carne de res, pescado o cerdo-, 1 Carbohidrato –arroz blanco, arroz con fideos o arroz con coco-, 1 Sopa (de carne, costilla o pollo), 1 Ensalada, acompañamiento - tajada de plátano - 1 Bebida Jugo de 250Ml). | L17: UNIDAD | M17: 15500 | N17: =+ROUND(M17*(1+$I$1),0) -> 15500 | O17: 16500 | P17: =+O17*(1+$K$1) -> 16500 | Q17: 19000
J18: 6 | K18: ALMUERZO BASICO: 1 Proteína –carne guisada, molida ó atún-, 1 Carbohidrato –arroz blanco- ensalada o legumbres, acompañamiento -pasta, tajada de plátano o yuca- 1 Bebida Gaseosa de 250Ml). | L18: UNIDAD | M18: 12500 | N18: =+ROUND(M18*(1+$I$1),0) -> 12500 | O18: 13500 | P18: =+O18*(1+$K$1) -> 13500 | Q18: 15500
J19: 7 | K19: Hidratación: Agua potable en : botellas de agua PET 600ml. | L19: UNIDAD | M19: 2300 | N19: =+ROUND(M19*(1+$I$1),0) -> 2300 | O19: 2500 | P19: =+O19*(1+$K$1) -> 2500 | Q19: 3000
J20: 8 | K20: Hidratación: Bolsas de agua tratada y purificada en presentación de 300cc | L20: UNIDAD | M20: 360 | N20: =+ROUND(M20*(1+$I$1),0) -> 360 | O20: 380 | P20: =+O20*(1+$K$1) -> 380 | Q20: 450
J21: 9 | K21: Almuerzo tipo buffet; Entrada Crema de auyama de 16 onzas, Plato fuerte: dos proteínas de 200 gramos (carne y pollo), arroz verde, ensalada de verdura con frutas de 100 gramos, acompañado con puré de papa de 200 gramos, bebida acompañante: gaseosa personalizada de 375 ml (incluye vajilla y servicio de meseros) | L21: UNIDAD | M21: 37000 | N21: =+ROUND(M21*(1+$I$1),0) -> 37000 | O21: 40000 | P21: =+O21*(1+$K$1) -> 40000 | Q21: 46000
J22: 10 | K22: Combo (crispetas +bebida) | L22: UNIDAD | M22: 3800 | N22: =+ROUND(M22*(1+$I$1),0) -> 3800 | O22: 4100 | P22: =+O22*(1+$K$1) -> 4100 | Q22: 4700
J23: 11 | K23: CENA. Incluye una proteína, una harina, un carbohidrato y una bebida caliente o fría de 300 ml. | L23: UNIDAD | M23: 13500 | N23: =+ROUND(M23*(1+$I$1),0) -> 13500 | O23: 14500 | P23: =+O23*(1+$K$1) -> 14500 | Q23: 16500
J24: 12 | K24: Alimentos desayunos: incluye una proteína, una harina, un alimento energético y una bebida caliente o fría de 250 ML. | L24: UNIDAD | M24: 13500 | N24: =+ROUND(M24*(1+$I$1),0) -> 13500 | O24: 14500 | P24: =+O24*(1+$K$1) -> 14500 | Q24: 16500
J25: 13 | K25: Bebidas hidratantes tipo energizante en presentación de 600ml. | L25: UNIDAD | M25: 3500 | N25: =+ROUND(M25*(1+$I$1),0) -> 3500 | O25: 3700 | P25: =+O25*(1+$K$1) -> 3700 | Q25: 4500
J26: 14 | K26: Desayuno: Caldo de huevo, arepa y tinto / buñuelo, galletas, huevo duro y café /Caldo de costilla, arepa y tinto – / Pan con queso y chocolate / Harina y avena / Tamal o caldo con café y arepa | L26: UNIDAD | M26: 8500 | N26: =+ROUND(M26*(1+$I$1),0) -> 8500 | O26: 9000 | P26: =+O26*(1+$K$1) -> 9000 | Q26: 10500

Sheet RESOLUCION LOGISTICA
B4: ITEMS | C4: DESCRIPCION | D4: UNIDAD DE MEDIDA | E4: PRECIO REFERENCIAS 2022 | F4: PRECIO INCREMENTO IPC 2023 | G4: PRECIO REDONDEADO 2023
B5: 1 | C5: Adecuación de un stand de atención, incluyen: carpas, mesas, sillas, y puesto de café | D5: UNIDAD | E5: 237650 | F5: 268830 | G5: 268800
B6: 2 | C6: Afiches full color una cara (cuarto de pliego (48x33cm), propalcote 150 g, | D6: UNIDAD | E6: 5300 | F6: 5995 | G6: 6000
B7: 3 | C7: Agenda tamaño media carta con anillado doble, personalizada, cantidad de hojas 100 incluye lapicero retráctil | D7: UNIDAD | E7: 26000 | F7: 29411 | G7: 29400
B8: 4 | C8: Agendas de medio block con logos alcaldía. | D8: UNIDAD | E8: 8000 | F8: 9050 | G8: 9000
B9: 5 | C9: Alquiler de equipo de Sonido y amplificador Sistema profesional de audio line array tecnología Martín audio de 70.000 watts, de doce (12) Cabinas Hi-pack 2x10" 1x2" seis (6) Cabinas low-pack 2x15" cuatro (4) Sub-woofermartin 2x18”(4) Sub- woofer MTL (4) electro-voice 4x18”(2) Cabinas de arenas yorville 2x18”(2) Cabinas de bajos para arena yorkville (6) Monitores activos JBL PRX 612, (4) Monitores activos JBL PRX 712, Monitores activos (2) JBL PRX 715, Side full activos JBL PRX 635, (2) Woofer actives JBL PRX 618, (2) Back fill pasivos 2x15" 1x2" martin. Iluminación (luces): 06 clay paky beam sharp y/o similar 06 mac 101 ó mac aura ó robe spider 04 martin 3000 atomic ó sgm x5. 04 blinder 6 bombillas ó cue pix. 18 par led rgbw 5w /o similar. 01martin k1 / jeam zr con ventiladores. 01grandma2 cualquier versión ó ma on pc command wing. | D9: DIA | E9: 6337200 | F9: 7168641 | G9: 7168000
B10: 6 | C10: Alquiler de 10 equipos de iluminación robótica en estructura de soporte de cabezas móviles beam 230 7r vlighting - lámpara osram + rack doble | D10: DIA | E10: 211200 | F10: 238909 | G10: 238900
B11: 7 | C11: alquiler de Cañón De Confeti Ventury, Incluye Cilindro De 20 Lbs. 2 explosiones de confeti | D11: DIA | E11: 317000 | F11: 358590 | G11: 358600
B12: 8 | C12: alquiler de carpas 4X4 para adecuación de los espacios | D12: UNIDAD | E12: 137300 | F12: 155314 | G12: 155000
B13: 9 | C13: Alquiler de computador portátil (Memoria RAM 4 GB: Disco Duro 640 GB; PROCESADOR Core I5 | D13: HORA | E13: 26400 | F13: 29864 | G13: 29850
B14: 10 | C14: Alquiler de computador portátil para talleres y jornadas que lo requieran. Jornadas no superiores a 5 horas. | D14: DIA | E14: 84500 | F14: 95586 | G14: 95600
B15: 11 | C15: Alquiler de Computador portátil, impresora y cámara fotográfica de alta resolución | D15: MES | E15: 1584300 | F15: 1792160 | G15: 1792000
B16: 12 | C16: Alquiler de Disparador Eléctrico Consola Pirotecnia Fuegos Artificiales, con 4 explosiones de pólvora caliente | D16: DIA | E16: 265000 | F16: 299768 | G16: 299800
... B26: 22 | C26: Alquiler de sillas plásticas por día con o sin brazo de aproximadamente 60cm de largo, 51,5cm de ancho y 71 cm de alto incluye transporte, lavado y desinfección | D26: UNIDAD | E26: 1100 | F26: 1244 | G26: 1250
B27: 23 | C27: Alquiler de sonido de fácil instalación y traslado, para el desarrollo de las actividades (cabinas amplificadas activas + micrófonos + líneas para amplificación) | D27: HORA | E27: 148000 | F27: 167418 | G27: 167400 | I27: =G27*2 -> 334800
B28: 24 | C28: alquiler de sonido para espacio cerrado, con amplificación de sonido de cabinas yorkville nx750, consola y 6 micrófonos inalámbricos | D28: DIA | E28: 1162000 | F28: 1314454 | G28: 1314450
B29: 25 | C29: Alquiler de sonido, montaje de auditorio; amplificación de sonido de cabinas yorkville nx750, consola de micrófonos, proyección de video beam e iluminación del ambiente. | D29: DIA | E29: 2640500 | F29: 2986934 | G29: 2986900
B30: 26 | C30: Alquiler de tarima de12mts de ancho x 8mts de fondo, estructura metálica con piso de madera. Incluye montaje y desinstalación. | D30: UN | E30: 1690000 | F30: 1911728 | G30: 1911700
B31: 27 | C31: Alquiler de un equipo de amplificación de sonido portátil semiprofesional de 1500 w, consola de 4 canales y 2 micrófonos por hora. | D31: HORA | E31: 105600 | F31: 119455 | G31: 119450
B32: 28 | C32: Alquiler de video beam y pc de mesa para talleres y jornadas que lo requieran. | D32: DIA | E32: 89800 | F32: 101582 | G32: 100000
B33: 29 | C33: Alquiler de video beam y pc de mesa para talleres y jornadas que lo requieran. | D33: HORA | E33: 15850 | F33: 17930 | G33: 18000
B34: 30 | C34: Alquiler e instalación de equipo de sonido de 25.000 watts con cuatro (4) cabinas amplificadas, dos (2) bocas de bajos de Amplificación para la ejecución de actividades | D34: DIA | E34: 950600 | F34: 1075319 | G34: 1075300
B35: 31 | C35: Alquiler equipos audiovisuales por hora (portátil, videoben, televisor para proyección, cabina de audio) | D35: HORA | E35: 137300 | F35: 155314 | G35: 155300
B36: 32 | C36: Alquiler equipos audiovisuales (portátil, equipo de sonido o parlantes, planta de audio, micrófonos, cámara, entre otros) | D36: HORA | E36: 137300 | F36: 155314 | G36: 155300
B37: 33 | C37: Alquiler Fotocopiadora multifuncional con capacidad suficiente para las exigencias de labor en campo | D37: MES | E37: 156300 | F37: 176807 | G37: 176800
B38: 34 | C38: Auditorio con aire acondicionado con capacidad para 100 personas incluye (video-beam, paleógrafo, sillas, mesas y puesto de aromática, café y agua). Para jornadas de 8 horas. | D38: UN | E38: 1267500 | F38: 1433796 | G38: 1433800
B39: 35 | C39: Auditorio con aire acondicionado con capacidad para 25 personas incluye (video-beam, paleógrafo, sillas, mesas y puesto de aromática, café y agua). Para jornadas de 8 a 10 horas (puede corresponder al auditorio con aforo para 50 personas pero que será utilizado para menor capacidad como consecuencia de los protocolos dispuestos por el COVID-19) | D39: UN | E39: 633700 | F39: 716841 | G39: 716800
... B82: 78 | C82: Volantes media carta 21 x 14 cms. en propalcote de 115 grs | D82: UNIDAD | E82: 370 | F82: 419 | G82: 420
